 Dungeon Crawl Stone Soup version 0.28-a0-1510-gd0f6b136d3 (webtiles) character file.

Game seed: 5877598860737003665

19374 bjtr the Arsonist (level 12, -5/104 (105) HPs)
             Began as an Ogre Fire Elementalist on Jan 14, 2022.
             Was an Elder of Vehumet.
             Slain by a sixfirhy (12 damage)
             ... summoned by a kobold demonologist
             ... on level 12 of the Dungeon on Jan 16, 2022.
             The game lasted 01:41:47 (18920 turns).

bjtr the Arsonist (Ogre Fire Elementalist)         Turns: 18920, Time: 01:41:48

HP:   -5/104 (105)  AC: 11    Str: 15    XL:     12   Next: 68%
MP:   24/28         EV: 13    Int: 20    God:    Vehumet [****..]
Gold: 507           SH: 14    Dex:  9    Spells: 9/35 levels left

rFire   . . .      SeeInvis .   a - +2 scimitar (flame)
rCold   . . .      Faith    .   V - +2 kite shield {AC+3}
rNeg    . . .      Spirit   .   N - +0 steam dragon scales
rPois   .          Reflect  +   f - +2 hat
rElec   .          Harm     .   (no cloak)
rCorr   .          Rampage  .   (gloves unavailable)
Will    +....                   (boots unavailable)
Stlth   +.........              y - amulet of reflection
HPRegen 0.27/turn               e - +4 ring of evasion
MPRegen 0.21/turn               C - ring of wizardry

@: on blink cooldown, hasted, lightly drained, very quick
A: large, unfitting armour, tough skin 1
a: Renounce Religion


You were on level 12 of the Dungeon.
You worshipped Vehumet.
Vehumet was greatly pleased with you.
You visited 2 branches of the dungeon, and saw 13 of its levels.
You also visited: Sewer and Bailey.

You collected 507 gold pieces.

Inventory:

Hand Weapons
 a - a +2 scimitar of flaming (weapon)
 b - a +0 arbalest
 n - a +2 dagger of protection
 E - a +3 giant spiked club
 G - a +0 hunting sling
 I - a +1 dagger of freezing
 J - a +2 flail of draining
 M - a +0 scimitar of flaming
 P - a +0 hand crossbow
 R - a +2 vampiric halberd
 S - a +2 vorpal war axe
 U - a +3 glaive
 X - a +2 spectral quarterstaff
 Y - a +2 demon blade of electrocution
Missiles
 c - 296 stones
 g - 6 boomerangs
 k - 71 poisoned darts (quivered)
 q - 4 curare-tipped darts
 B - 107 bolts
 D - 111 sling bullets
 K - 3 large rocks
Armour
 f - a +2 hat (worn)
 w - a +1 robe
 N - +0 steam dragon scales (worn)
 V - a +2 kite shield of protection (worn)
Jewellery
 e - a +4 ring of evasion (left hand)
 p - an amulet of the acrobat
 y - an amulet of reflection (around neck)
 C - a ring of wizardry (right hand)
 O - a ring of see invisible
Wands
 j - a wand of paralysis (8)
 s - a wand of acid (2)
 x - a wand of digging (7)
 F - a wand of iceblast (10)
 Q - a wand of flame (29)
Scrolls
 h - 4 scrolls of immolation
 l - a scroll of enchant armour
 v - 2 scrolls of blinking
 z - 4 scrolls of teleportation
 Z - a scroll of identify
Potions
 d - a potion of flight
 i - 2 potions of mutation
 m - 3 potions of might
 o - a potion of heal wounds
 r - 3 potions of haste
 t - 3 potions of brilliance
 u - 4 potions of invisibility
 A - a potion of resistance {unknown}
 H - 2 potions of attraction
 L - 2 potions of lignification
 T - a potion of magic
 W - 2 potions of curing


   Skills:
 + Level 3.1 Fighting
 + Level 4.1 Dodging
 - Level 1.4 Stealth
 * Level 4.1 Shields
 + Level 12.1 Spellcasting
 + Level 6.0 Conjurations
 + Level 0.1 Translocations
 * Level 13.4 Fire Magic
 * Level 3.3 Air Magic


You had 9 spell levels left.
You knew the following spells:

 Your Spells              Type           Power      Damage    Failure   Level
a - Foxfire               Conj/Fire      100%       2x1d9     1%          1
b - Scorch                Fire           100%       2d10      1%          2
c - Conjure Flame         Conj/Fire      50%        6-21      1%          3
d - Flame Wave            Conj/Fire      50%        2d9       1%          4
e - Blink                 Tloc           24%        N/A       8%          2
f - Sticky Flame          Conj/Fire      50%        2d7       1%          4
g - Slow                  Hex            48%        N/A       5%          1
h - Lightning Bolt        Conj/Air       15%        1d29      6%          5
i - Airstrike             Air            12%        N/A       4%          4

Your spell library contained the following spells:

 Spells                   Type           Power      Damage    Failure   Level
 Starburst                Conj/Fire      25%        6d8       4%          6
 Static Discharge         Conj/Air       30%        N/A       1%          2
 Ignite Poison            Fire/Tmut/Pois 30%        N/A       1%          3
 Inner Flame              Hex/Fire       38%        N/A       1%          3
 Lesser Beckoning         Tloc           12%        N/A       14%         3
 Confusing Touch          Hex            12%        N/A       16%         3
 Vampiric Draining        Necr           12%        2d6       16%         3
 Summon Lightning Spire   Summ/Air       18%        N/A       26%         4
 Cause Fear               Hex            6%         N/A       43%         4
 Manifold Assault         Tloc           12%        N/A       75%         5
 Discord                  Hex            6%         N/A       100%        8
 Maxwell's Capacitive Co  Air            12%        ∞         100%        8


Dungeon Overview and Level Annotations

Branches:
Dungeon (12/15)            Temple (1/1) D:6            Lair (0/6) D:8
    Orc (0/2) D:9           Sewer (visited)          Bailey (visited)

Altars:
Ashenzari
Cheibriados
Dithmenos
Elyvilon
Fedhas
Gozag
Hepliaklqana
Kikubaaqudgha
Makhleb
Nemelex Xobeh
Okawaru
Qazlal
Ru
Sif Muna
Trog
Uskayaw
Vehumet
Wu Jian
Xom
Yredelemnul
Zin
The Shining One
Beogh

Shops:
D:6 *:   D:8 (

Annotations:
D:7 2 transporters


Innate Abilities, Weirdness & Mutations

You are too large for most types of armour.
You have tough skin. (AC +1)


Message History

You block the sixfirhy's attack. x2; The sixfirhy hits you!
The sixfirhy shocks you!
The kobold demonologist hits you but does no damage.
You feel drained. You block the sixfirhy's attack. The sixfirhy hits you.
The sixfirhy shocks you!
The kobold demonologist mumbles some strange words.
Unknown command.
Casting: Scorch (safe; 1% risk of failure)
Confirm with . or Enter, or press ? or * to list all spells.
You blink.
The kobold demonologist zaps a wand.
The puff of flame hits you but does no damage.
Unknown command.
The kobold demonologist zaps a wand.
The puff of flame reflects off an invisible shield around you!
The puff of flame hits the kobold demonologist.
You block the sixfirhy's attack.
You feel stable enough to blink again. You block the sixfirhy's attack.
The sixfirhy barely misses you.
The sixfirhy hits you but does no damage.
The sixfirhy hits you. The sixfirhy shocks you!
* * * LOW HITPOINT WARNING * * *
Casting: Blink (safe; 8% risk of failure)
Confirm with . or Enter, or press ? or * to list all spells.
You blink.
You feel much better. You block the rust devil's attack.
The kobold demonologist mumbles some strange words.
You block the sixfirhy's attack. The rust devil closely misses you.
You feel yourself speed up.
The neqoxec disappears in a puff of smoke!
The sixfirhy hits you. The sixfirhy shocks you!
The sixfirhy hits you but does no damage.
The sixfirhy hits you!
* * * LOW HITPOINT WARNING * * *
The sixfirhy shocks you!
* * * LOW HITPOINT WARNING * * *
The sixfirhy hits you!
* * * LOW HITPOINT WARNING * * *
The sixfirhy shocks you!
You die...

## ##.# #.##.#
.######.######.##.####
......................
.######..#####.##.####
.#######.#####.##.##########
.##............)............
.##.#....#####.#.#.........
.##.#.....# #.#.#.......#
.##.#...#.####)#@#.......#
................34.......######
###.#...##.###.#.#§K..........#
#.#...##..##.#.#.5..........##.
#.#...###.##.#.#..............
#.#...# #.##.#.#............#
#.##### #....#.#......K.....#
#.# ##...#.#......3.....#
###.########...#.#............#


You could see a rust devil (summoned), a kobold demonologist, a sixfirhy
(summoned) and a crimson imp (summoned).

Vanquished Creatures
  Gastronok (D:8)
  2 hydras (D:12)
  A boulder beetle (D:11)
  Erica (D:8)
  A two-headed ogre (D:10)
  2 gargoyles
  Joseph (D:8)
  Maggie (D:6)
  3 kobold demonologists
  An efreet (D:12)
  A troll (D:12)
  Grinder (D:3)
  Sigmund (D:2)
  A shadow (D:11)
  3 vampires (Bailey)
  2 wraiths
  2 wyverns (D:9)
  23 yaks
  A basilisk (D:9)
  11 vampire mosquitoes
  2 steam dragons
  Menkaure (D:7)
  A water moccasin (D:8)
  6 orc warriors
  An ice beast (D:6)
  4 black bears (D:8)
  3 sky beasts
  A necrophage (D:8)
  2 ogres
  5 centaurs
  10 kobold brigands
  A bullfrog (D:8)
  2 gnoll sergeants
  5 scorpions
  12 killer bees
  8 vampire bats (Bailey)
  8 wolf zombies (Bailey)
  5 electric eels
  A bullfrog zombie (D:6)
  5 hounds
  4 centaur zombies
  4 orc priests
  2 gnoll shamans
  A bullfrog skeleton (D:4)
  A centaur skeleton (D:7)
  3 iguanas
  Natasha (thrice) (D:2)
  14 orc wizards
  A killer bee zombie (D:5)
  2 hound skeletons
  3 howler monkey zombies
  5 adders
  19 gnolls
  A shadow imp (D:5)
  2 white imps (D:8)
  2 ufetubi (D:5)
  2 adder skeletons (D:4)
  An adder zombie (D:5)
  30 orcs
  7 ball pythons
  5 bats
  10 endoplasms
  5 giant cockroaches
  9 goblins
  5 hobgoblins
  8 jackals
  A quokka (D:3)
  3 frilled lizards
  38 kobolds
  24 orc zombies (Bailey)
  12 rats
370 creatures vanquished.

Vanquished Creatures (collateral kills)
  A foxfire (Sewer)
1 creature vanquished.

Vanquished Creatures (others)
  A yak (D:8)
  A kobold brigand (D:10)
  304 foxfires
  30 fungi (D:8)
  48 plants
384 creatures vanquished.

Grand Total: 755 creatures vanquished

Notes
Turn   | Place    | Note
-------+----------+-------------------------------------------
     0 | D:1      | bjtr the Ogre Fire Elementalist began the quest for the
                  | Orb.
     0 | D:1      | Reached XP level 1. HP: 16/16 MP: 3/3
   281 | D:1      | Found a faded altar of an unknown god.
   321 | D:1      | Reached XP level 2. HP: 24/24 MP: 0/5
   324 | D:1      | Learned a level 2 spell: Scorch
   995 | D:2      | Reached skill level 3 in Fire Magic
  1204 | D:2      | Reached skill level 1 in Conjurations
  1217 | D:2      | Reached XP level 3. HP: 26/31 MP: 3/7
  1521 | D:2      | Noticed Sigmund
  1693 | D:2      | Killed Sigmund
  1694 | D:2      | Reached skill level 4 in Fire Magic
  1694 | D:2      | Reached XP level 4. HP: 27/40 MP: 1/10
  1694 | D:2      | Reached XP level 5. HP: 32/46 MP: 1/11
  1792 | D:2      | Noticed Natasha
  1796 | D:2      | Killed Natasha
  1882 | D:2      | Noticed Natasha
  1886 | D:2      | Killed Natasha
  1887 | D:2      | Reached XP level 6. HP: 54/54 MP: 5/12
  1958 | D:2      | Noticed Natasha
  1961 | D:2      | Killed Natasha
  2012 | D:2      | Learned a level 3 spell: Conjure Flame
  2017 | D:2      | Learned a level 4 spell: Flame Wave
  2032 | D:3      | Noticed Grinder
  2032 | D:3      | Paralysed by Grinder for 3 turns
  2048 | D:3      | Killed Grinder
  2049 | D:3      | Reached skill level 1 in Fighting
  2049 | D:3      | Reached skill level 5 in Fire Magic
  2049 | D:3      | Reached XP level 7. HP: 47/62 MP: 2/14
  2218 | D:3      | Found a glowing drain.
  2222 | Sewer    | Entered a sewer
  2360 | Sewer    | Reached skill level 5 in Spellcasting
  2661 | Sewer    | Reached skill level 6 in Fire Magic
  3028 | D:3      | Found a runed translucent door.
  3028 | D:3      | Noticed a human
  3031 | D:3      | Found a basalt altar of Yredelemnul.
  4142 | D:4      | Learned a level 2 spell: Blink
  4530 | D:4      | Found an iron altar of Okawaru.
  4545 | D:4      | Reached XP level 8. HP: 70/70 MP: 11/16
  4647 | D:5      | Entered Level 5 of the Dungeon
  4845 | D:5      | Reached skill level 7 in Fire Magic
  5780 | D:5      | Found a radiant altar of Vehumet.
  5788 | D:5      | Became a worshipper of Vehumet
  6650 | D:6      | Found Neulic's Elemental Accessories.
  6661 | D:6      | Reached XP level 9. HP: 51/76 MP: 10/19
  6800 | D:6      | Reached skill level 8 in Fire Magic
  6877 | D:6      | Found a staircase to the Ecumenical Temple.
  6889 | Temple   | Entered the Ecumenical Temple
  7264 | D:6      | Found Gaeshoph's Book Shop.
  7733 | D:6      | Found an opulent altar of Gozag.
  8133 | D:7      | Noticed Maggie
  8134 | D:7      | Noticed Menkaure
  8270 | D:7      | Learned a level 4 spell: Sticky Flame
  8925 | D:6      | Killed Maggie
  8926 | D:6      | Reached skill level 9 in Fire Magic
  9198 | D:7      | Killed Menkaure
  9270 | D:7      | Found a burning altar of Makhleb.
  9361 | D:7      | Reached * piety under Vehumet
  9361 | D:7      | Offered knowledge of Shock by Vehumet.
  9438 | D:7      | Found a transporter.
  9442 | D:7      | Found a transporter.
  9446 | D:7      | Noticed a two-headed ogre
  9589 | D:7      | Reached XP level 10. HP: 84/87 MP: 15/22
  9591 | D:7      | Learned a level 1 spell: Slow
  9659 | D:8      | Noticed Gastronok
  9894 | D:8      | Killed Gastronok
  9895 | D:8      | Reached skill level 5 in Conjurations
  9895 | D:8      | Reached skill level 10 in Fire Magic
 10495 | D:8      | Found Zasa's Weapon Emporium.
 10725 | D:8      | Noticed Joseph
 10728 | D:8      | Paralysed by Joseph for 2 turns
 10736 | D:8      | Killed Joseph
 10737 | D:8      | Reached skill level 10 in Spellcasting
 10737 | D:8      | Reached skill level 11 in Fire Magic
 10793 | D:8      | Reached XP level 11. HP: 93/94 MP: 16/25
 11104 | D:8      | Reached ** piety under Vehumet
 11104 | D:8      | Offered knowledge of Magic Dart by Vehumet.
 11158 | D:8      | Noticed Erica
 11175 | D:8      | Killed Erica
 11410 | D:8      | Found a staircase to the Lair.
 12139 | D:9      | Found a flagged portal.
 12188 | Bailey   | Entered a bailey
 12747 | Bailey   | Offered knowledge of Frozen Ramparts by Vehumet.
 13430 | Bailey   | Reached *** piety under Vehumet
 13673 | Bailey   | Learned a level 5 spell: Lightning Bolt
 14487 | D:9      | Reached skill level 1 in Air Magic
 14609 | D:9      | Reached skill level 1 in Shields
 14786 | D:9      | Reached skill level 12 in Fire Magic
 14796 | D:9      | Offered knowledge of Stone Arrow by Vehumet.
 15313 | D:9      | Reached **** piety under Vehumet
 15393 | D:9      | Found a staircase to the Orcish Mines.
 15405 | D:9      | Offered knowledge of Iskenderun's Battlesphere by Vehumet.
 15637 | D:10     | Entered Level 10 of the Dungeon
 15802 | D:10     | Noticed a two-headed ogre
 15821 | D:10     | Killed a two-headed ogre
 16173 | D:10     | Learned a level 4 spell: Airstrike
 16190 | D:10     | Upgraded the game from 0.28-a0-1506-g3893175d92 to
                  | 0.28-a0-1510-gd0f6b136d3
 16854 | D:11     | Noticed a boulder beetle
 16972 | D:11     | Killed a boulder beetle
 16973 | D:11     | Reached XP level 12. HP: 104/104 MP: 14/27
 17673 | D:12     | Noticed a five-headed hydra
 17684 | D:12     | Killed a five-headed hydra
 17685 | D:12     | Reached skill level 13 in Fire Magic
 17999 | D:12     | Reached ***** piety under Vehumet
 17999 | D:12     | Offered knowledge of Starburst by Vehumet.
 18246 | D:12     | Noticed a five-headed hydra
 18308 | D:12     | Killed a two-headed hydra
 18554 | D:12     | Noticed a soul eater
 18920 | D:12     | Slain by a sixfirhy

Illustrated notes

Levels and vault maps discovered:
D:1:      lightli_arrival_windingriver, layout_basic,
          hellmonk_ecumenical_altar_blasted
D:2:      layout_rooms, uniq_natasha, uniq_sigmund
D:3:      layout_basic, dk_yredelemnul_ordeal, gup_sewer_entry_bowl,
          uniq_grinder
D:4:      layout_basic, mainiacjoe_overflow_tiny_flanked
D:5:      layout_basic, vehumet_crystals, hangedman_minor_gate_pass
D:6:      layout_basic, grunt_gozag_statues, minmay_temple_entry_crystal_x,
          serial_shops, nicolae_lakefront_shop, minmay_strange_pillars,
          nicolae_elemental_shop, hangedman_decor_diamond_cutter
D:7:      gammafunk_beogh_shrine, layout_rooms, lemuel_tele_altar,
          minmay_a_box_with_orc_wizards_in_it, uniq_maggie, uniq_menkaure
D:8:      layout_cave_pools, due_lair_maze_entry_diamond, serial_shops,
          nicolae_inconvenience_store, uniq_erica, uniq_gastronok, uniq_joseph
D:9:      layout_rooms, erik_orc_2, enter_bailey_5
D:10:     layout_cross, grunt_ministairs_15
D:11:     layout_grid_maze
D:12:     layout_basic
Temple:   minmay_crystal_spiral_temple

Skill      XL: |  1  2  3  4  5  6  7  8  9 10 11 12 |
---------------+-------------------------------------+-----
Dodging        | 2 3 4 |  4.1
Spellcasting   | 3 4 5 7 8 10 11 12 | 12.1
Fire Magic     | 3 4 5 6 7 9 11 12 13 | 13.4
Conjurations   | 1 2 3 4 5 6 |  6.0
Fighting       | 1 2 3 |  3.1
Air Magic      | 2 3 |  3.3
Shields        | 2 4 |  4.1
Stealth        | |  1.4
Translocations | |  0.1

Action                   |  1- 3 |  4- 6 |  7- 9 | 10-12 || total
-------------------------+-------+-------+-------+-------++-------
Melee: Dagger            |    17 |     1 |   192 |       ||   210
       Whip              |     1 |       |       |       ||     1
       Punch             |       |       |     4 |     1 ||     5
       War axe           |       |       |     8 |    25 ||    33
       Giant spiked club |       |       |     6 |       ||     6
       Flail             |       |       |       |    95 ||    95
       Scimitar          |       |       |       |    30 ||    30
 Fire: Arbalest          |       |       |       |     3 ||     3
Throw: Dart              |       |       |       |     6 ||     6
 Cast: Foxfire           |    27 |       |    28 |   121 ||   176
       Scorch            |    13 |    13 |   179 |   263 ||   468
       Flame Wave        |       |       |     5 |    17 ||    22
       Conjure Flame     |       |       |     5 |     4 ||     9
       Blink             |       |       |     1 |     4 ||     5
       Sticky Flame      |       |       |       |     7 ||     7
       Lightning Bolt    |       |       |       |     9 ||     9
Evoke: Wand              |       |       |     1 |    10 ||    11
  Use: Scroll            |     7 |       |     7 |    11 ||    25
       Potion            |       |       |     1 |     9 ||    10
 Stab: Sleeping          |       |       |     1 |       ||     1
       Paralysed         |       |       |     5 |       ||     5
       Distracted        |       |       |       |     1 ||     1
       Invisible         |       |       |       |     1 ||     1
Armor: Robe              |     6 |     1 |    83 |       ||    90
       Steam dragon scal |       |       |       |   124 ||   124
Dodge: Dodged            |    16 |     5 |   186 |   288 ||   495
Block: Other             |       |       |    66 |    46 ||   112
       Reflection        |       |       |     4 |    13 ||    17
       Kite shield       |       |       |       |   216 ||   216

Table legend: (Time is in decaauts)
 A = Elapsed time spent in this place.
 B = Non-inter-level travel time spent in this place.
 C = Inter-level travel time spent in this place.
 D = Time resting spent in this place.
 E = Time spent auto-exploring this place.
 F = Levels seen in this place.
 G = Mean time per level.
                   A        B        C        D        E       F      G
               +--------+--------+--------+--------+--------+-----+--------+
         Total |  19061 |  18438 |    623 |   7695 |   7503 |  15 | 1270.7 |
       Dungeon |  16302 |  15762 |    540 |   6168 |   6889 |  12 | 1358.5 |
        Temple |    257 |    174 |     83 |      0 |    158 |   1 |  257.0 |
         Sewer |    697 |    697 |      0 |    359 |    180 |   1 |  697.0 |
        Bailey |   1803 |   1803 |      0 |   1168 |    276 |   1 | 1803.0 |
               +--------+--------+--------+--------+--------+-----+--------+

Top non-repeatable levels by time:
     D:8: 2734 daAuts
     D:6: 1921 daAuts
  Bailey: 1803 daAuts
     D:5: 1769 daAuts
     D:7: 1508 daAuts
    D:12: 1482 daAuts
    D:11: 1275 daAuts
     D:4: 1086 daAuts
     D:9: 1058 daAuts
     D:1: 1024 daAuts
     D:2: 1010 daAuts
     D:3: 870 daAuts
   Sewer: 697 daAuts
    D:10: 561 daAuts
  Temple: 257 daAuts
